 Dungeon Crawl Stone Soup version 0.26-a0-264-g3a471323bd (webtiles) character file.

Game seed: 7390610448938753885

126 BritishOli the Skirmisher (level 4, 0/37 HPs)
             Began as a Demonspawn Fighter on July 11, 2020.
             Killed by divine providence
             ... invoked by an orc priest
              (16 damage)
             ... on level 3 of the Dungeon.
             The game lasted 00:02:01 (2709 turns).

BritishOli the Skirmisher (Demonspawn Fighter)      Turns: 2709, Time: 00:02:02

Health: 0/37       AC:  6    Str: 17    XL:     4   Next: 84%
Magic:  4/4        EV:  7    Int: 10    God:
Gold:   68         SH:  9    Dex: 12    Spells: 3/3 levels left

rFire    . . .     SeeInvis .   a - +0 long sword
rCold    . . .     Faith    .   c - +0 kite shield
rNeg     . . .     Spirit   .   b - +0 scale mail
rPois    .         Reflect  .   (helmet restricted)
rElec    .         Harm     .   (no cloak)
rCorr    .                      (no gloves)
MR       .....                  (no boots)
Stlth    ..........             (no amulet)
HPRegen  0.12/turn              (no ring)
MPRegen  0.09/turn              (no ring)

@: no status effects
A: antennae 2
a: no special abilities


You were on level 3 of the Dungeon.
You were not hungry.

You visited 1 branch of the dungeon, and saw 3 of its levels.

You collected 68 gold pieces.

Inventory:

Hand Weapons
 a - a +0 long sword (weapon)
Armour
 b - a +0 scale mail (worn)
 c - a +0 kite shield (worn)
Scrolls
 e - 2 scrolls of magic mapping {unknown}
 g - 4 scrolls of remove curse {unknown}
 h - a scroll of fog {unknown}
 k - a scroll of immolation {unknown}
 n - 2 scrolls of identify {unknown}
 p - a scroll of enchant armour {unknown}
 r - a scroll of teleportation {unknown}
Potions
 d - a potion of might
 i - a potion of haste {unknown}
 j - 2 potions of heal wounds {unknown}
 l - a potion of curing {unknown}
 m - a potion of berserk rage {unknown}
 o - a potion of brilliance {unknown}
 q - a potion of stabbing {unknown}
Comestibles
 f - 6 rations


   Skills:
 + Level 3.8 Fighting
 + Level 2.7 Long Blades
 + Level 3.4 Armour
 + Level 3.4 Shields


You had 3 spell levels left.
You didn't know any spells.
Your spell library was empty.

Dungeon Overview and Level Annotations

Branches:
Dungeon (3/15)

Altars:
Makhleb


Innate Abilities, Weirdness & Mutations

You have a pair of antennae on your head.


Message History

The orc hits you with a +0 hand axe.
There are monsters nearby!
You are too injured to fight recklessly!
There are monsters nearby!
There are monsters nearby!
You are too injured to fight recklessly!
You are too injured to fight recklessly!
There are monsters nearby!
The orc wizard hits you but does no damage.
You block the orc's attack.
You hit the orc but do no damage. The orc hits you but does no damage.
You hit the orc.
The orc is heavily wounded.
The orc wizard gestures wildly while chanting.
The orc wizard flickers and vanishes!
Deactivating autopickup; reactivate with Ctrl-A.
The orc closely misses you.
The orc priest invokes the aid of Beogh against you.
Beogh smites you!
You die...

.# #. #. # .
##..#####.##
........#..# #{o.# ##
#o### P ♣♣P♣♣♣♣ #@#
PP#P...PP## #.#
PPP.....PP#{ #.#
r#.......P### #.####..#
l#...§..)))<# #........
r#.......##÷####.####.##
PPP...[.PP#...........#
PPPP.≈.##P#############
#♣♣♣♣# ♣#


You could see an orc priest and an orc.

Vanquished Creatures
  A hound (D:2)
  4 adders (D:2)
  An ooze (D:2)
  2 worms
  2 dart slugs
  3 orcs (D:3)
  5 bats
  A giant cockroach (D:2)
  2 goblins
  5 hobgoblins
  3 jackals (D:1)
  8 kobolds
  2 frilled lizards (D:2)
  7 rats
46 creatures vanquished.

Vanquished Creatures (others)
  5 toadstools (D:1)
5 creatures vanquished.

Grand Total: 51 creatures vanquished

Notes
Turn   | Place    | Note
-------+----------+-------------------------------------------
     0 | D:1      | BritishOli the Demonspawn Fighter began the quest for the
                  | Orb.
     0 | D:1      | Reached XP level 1. HP: 18/18 MP: 1/1
   235 | D:1      | Gained mutation: You have a pair of small antennae on your
                  | head. [demonic ancestry]
   235 | D:1      | Reached XP level 2. HP: 18/24 MP: 2/2
  1010 | D:2      | Gained mutation: You have a pair of antennae on your head.
                  | [demonic ancestry]
  1010 | D:2      | Reached XP level 3. HP: 23/29 MP: 3/3
  1765 | D:2      | Reached XP level 4. HP: 26/35 MP: 4/4
  1991 | D:2      | Found a burning altar of Makhleb.
  2251 | D:2      | Found a faded altar of an unknown god.
  2709 | D:3      | Killed from afar by an orc priest

Illustrated notes

Levels and vault maps discovered:
D:1:      ldierk_walled_garden, layout_basic, serial_corexii_hall,
          corexii_hall_statues_u, corexii_hall_statues_i
D:2:      minmay_angry_zag, layout_loops_ring, chequers_ecumenical_altar_twisty,
          makhleb_blood_cavern_becter
D:3:      layout_loops_ring, first_ration, lexackson_kobold_supper,
          uniq_sigmund, uniq_jessica

Skill      XL: |  1  2 |
---------------+-------+-----
Long Blades    | 2 |  2.7
Shields        | 3 |  3.4
Armour         | 3 |  3.4
Fighting       | |  3.8

Action                   |  1- 3 |  4- 6 || total
-------------------------+-------+-------++-------
Melee: Long sword        |   113 |    55 ||   168
  Eat: Ration            |     1 |     1 ||     2
Armor: Scale mail        |    38 |    41 ||    79
Dodge: Dodged            |    28 |    17 ||    45
Block: Kite shield       |    62 |    38 ||   100
       Rpst.: Long sword |     9 |     6 ||    15

Table legend:
 A = Non-vault XP
 B = Vault XP
 C = Vault XP percentage of total XP
 D = Non-vault monster count
 E = Vault monster count
 F = Vault count percentage of total count
                 A         B        C        D         E       F
            +---------+---------+-------+---------+---------+-------
      Total |      90 |      91 |  50.3 |      33 |      13 |  28.3
            +---------+---------+-------+---------+---------+-------
        D:1 |      26 |       0 |   0.0 |      14 |       0 |   0.0
        D:2 |      45 |      85 |  65.4 |      12 |       8 |  40.0
        D:3 |      19 |       6 |  24.0 |       7 |       5 |  41.7
            +---------+---------+-------+---------+---------+-------
